 Dungeon Crawl Stone Soup version 0.19.1 (webtiles) character file.

82117 FortunaImperatrix the Peltast (level 15, -1/132 HPs)
             Began as a Minotaur Fighter on Dec 4, 2016.
             Was the Champion of Qazlal.
             Slain by a golden dragon skeleton (15 damage)
             ... on level 15 of the Dungeon.
             The game lasted 01:38:23 (21240 turns).

FortunaImperatrix the Peltast (Minotaur Fighter)   Turns: 21240, Time: 01:38:24

Health: -1/132     AC: 23    Str: 32    XL:     15   Next: 28%
Magic:  21/21      EV:  7    Int:  5    God:    Qazlal [******]
Gold:   1371       SH: 33    Dex: 10    Spells: 0 memorised, 14 levels left

rFire  + . .     SeeInvis +     X - +3 mace of Makhleb's Generosity {freeze, +Blink}
rCold  . . .     Gourm    .     r - +0 plate armour
rNeg   . . .     Faith    .     U - +2 large shield
rPois  +         Spirit   .     (helmet restricted)
rElec  .         Reflect  .     q - +0 cloak
rCorr  .         Harm     .     S - +2 pair of gloves
MR     +....     Rnd*Rage +     (no boots)
Stlth  ..........               s - amulet of regeneration
                                O - ring of poison resistance
                                A - ring of see invisible

@: mighty, exhausted, about to teleport, protected from physical damage, slowed,
repel missiles, very slow
A: retaliatory headbutt, horns 2, berserk 1, fire resistance 1
a: Upheaval, Elemental Force, Disaster Area, Renounce Religion, Evoke Blink


You were on level 15 of the Dungeon.
You worshipped Qazlal.
Qazlal was exalted by your worship.
You were very hungry.

You visited 3 branches of the dungeon, and saw 22 of its levels.
You also visited: Sewer.

You collected 1836 gold pieces.
You spent 465 gold pieces at shops.

Inventory:

Hand Weapons
 G - a +0 blowgun
 X - the +3 mace of Makhleb's Generosity (weapon) {freeze, +Blink}
   (You found it on level 5 of the Lair of Beasts)

   It has been specially enchanted to freeze those struck by it, causing extra
   injury to most foes and up to half again as much damage against particularly
   susceptible opponents.
   It can also slow down cold-blooded creatures.
   It lets you blink.
Missiles
 h - 4 throwing nets (quivered)
 J - 7 curare-tipped needles
 K - 52 poisoned needles
Armour
 q - a +0 cloak (worn)
 r - a +0 plate armour (worn)
 S - a +2 pair of gloves (worn)
 U - a +2 large shield (worn)
Jewellery
 a - an uncursed ring of flight
 s - an amulet of regeneration (around neck)
 A - a ring of see invisible (left hand)
 O - a ring of poison resistance (right hand)
Wands
 c - a wand of polymorph (14/24)
 m - a wand of digging (5/24)
 w - a wand of iceblast (7/15)
 y - a wand of paralysis (8/24)
 H - a wand of lightning (5/15)
 I - a wand of acid (5/15)
 P - a wand of disintegration (8/24)
 Q - a wand of paralysis (6/24)
 V - a wand of iceblast (5/15)
 W - a wand of teleportation (9/9)
 Z - a wand of disintegration (15/24)
Scrolls
 b - 3 scrolls of enchant armour
 e - 6 scrolls of enchant weapon
 g - 8 scrolls of teleportation
 i - 5 scrolls of recharging
 l - 3 scrolls of fear
 n - 4 scrolls of identify
 p - 3 scrolls of blinking
 B - 3 scrolls of magic mapping
 D - 4 scrolls of immolation {unknown}
 E - 9 scrolls of remove curse
 M - 2 scrolls of fog {unknown}
Potions
 d - 6 potions of might
 k - 3 potions of cancellation
 u - a potion of haste
 x - 9 potions of curing
 z - 7 potions of brilliance
 F - a potion of berserk rage
 L - 3 potions of flight
 N - a potion of magic
 R - a potion of resistance
 T - 6 potions of agility
Comestibles
 f - 15 bread rations
 o - 2 fruits
 t - 8 meat rations
 C - 7 slices of pizza
 Y - 10 royal jellies


   Skills:
 + Level 11.8 Fighting
 + Level 15.8 Maces & Flails
 * Level 8.6 Throwing
 + Level 11.3 Armour
 * Level 18.0 Shields
 * Level 9.5 Invocations


You had 14 spell levels left.
You didn't know any spells.

Dungeon Overview and Level Annotations

Branches:
Dungeon (15/15)            Temple (1/1) D:5            Lair (6/6) D:8
 Shoals (0/4) Lair:2       Spider (0/4) Lair:3        Slime (0/5) Lair:5
    Orc (0/2) D:10         Vaults (0/5) D:14         Depths (0/5) D:15

Altars:
Ashenzari
Cheibriados
Dithmenos
Elyvilon
Fedhas
Gozag
Hepliaklqana
Kikubaaqudgha
Makhleb
Nemelex Xobeh
Okawaru
Qazlal
Ru
Sif Muna
Trog
Uskayaw
Vehumet
Xom
Yredelemnul
Zin
The Shining One
Beogh

Shops:
D:4 }   D:8 [


Innate Abilities, Weirdness & Mutations

You reflexively headbutt those who attack you in melee.
You have a pair of horns on your head.
You tend to lose your temper in combat.
Your flesh is heat resistant. (rF+)


Message History

The skeletal warrior hits you with a hand axe!
* * * LOW HITPOINT WARNING * * *
A kobold demonologist comes into view. It is wielding a dagger.
As you read the scroll of teleportation, it crumbles to dust.
You feel strangely unstable.
You hear a shout!
The withered plant is struck by lightning.
You block the sphinx zombie's attack. x3
The golden dragon skeleton is engulfed in roaring flames.
You block the golden dragon skeleton's attack.
The golden dragon skeleton barely misses you.
You block the golden dragon skeleton's attack.
The skeletal warrior is struck by lightning.
The skeletal warrior hits you but does no damage.
The kobold demonologist mumbles some strange words.
The sphinx zombie is struck by lightning.
The sphinx zombie hits you but does no damage. x3
The golden dragon skeleton is engulfed in roaring flames.
The golden dragon skeleton bites you!
You die...

...8....P8.....
....P.8.........
P........8.......
....>............
.8...............
...P8§§.)§.......
8....PZZz........
.888.P.@......#
.88P.§§.§§....#
.....P..8[....+
.......))†(..!#
.......[.(†...#
........†)..KK##
...........3..K..
.......<.######+#
.........#


You could see a skeletal warrior, a soul eater, 3 kobold demonologists, a sphinx
zombie and a golden dragon skeleton.

Vanquished Creatures
  The ghost of vicissi the Spear-Bearer, a journeyman DDWn of Makhleb (Lair:6)
  A dire elephant (Lair:6)
  Josephine (Lair:6)
  Fannar (Lair:1)
  6 hydras
  A queen ant (Lair:3)
  A merfolk avatar (Lair:6)
  2 centaur warriors
  Urug (Lair:3)
  5 skeletal warriors
  A sea snake (Lair:6)
  An unseen horror (D:8)
  A phantasmal warrior (D:15)
  8 hill giants
  4 lindwurms (Lair:6)
  2 orc knights
  A necromancer (D:15)
  5 ugly things
  A frost giant zombie (D:15)
  3 cyclopes
  4 manticores
  A centaur zombie (D:11)
  3 black mambas
  2 gargoyles
  19 elephants
  13 spiny frogs
  5 yaktaurs (D:14)
  12 komodo dragons
  A rime drake (Lair:6)
  A freezing wraith (D:14)
  4 tengu conjurers (D:14)
  4 trolls
  A wind drake (Lair:6)
  2 hornets
  16 polar bears
  8 blink frogs
  A wolf spider simulacrum (D:14)
  A two-headed ogre (D:12)
  2 harpy skeletons (D:14)
  Grinder (D:6)
  12 hippogriffs
  A meliai zombie (D:11)
  A deep troll zombie (D:15)
  3 shadows
  3 redbacks (Lair:3)
  3 wraiths (Lair:6)
  42 yaks
  6 wyverns
  A basilisk (Lair:4)
  Eustachio (D:6)
  6 hungry ghosts
  2 vampire mosquitoes (D:12)
  A mottled dragon (D:11)
  Edmund (D:6)
  11 soldier ants (Lair:3)
  14 porcupines
  13 water moccasins
  15 orc warriors
  5 black bears
  An ice beast (D:10)
  5 sky beasts
  8 ogres
  5 phantoms
  4 necrophages
  4 boggarts (Lair:4)
  10 wolves
  16 centaurs
  17 crocodiles
  2 big kobolds (Sewer)
  14 bullfrogs
  A wyvern zombie (D:12)
  A water moccasin zombie (D:11)
  3 scorpions
  2 wyvern skeletons
  11 killer bees
  2 electric eels
  16 wights
  4 howler monkeys
  5 crimson imps
  A quasit (D:11)
  5 hounds
  2 gnoll shamans
  19 jellies
  11 orc wizards
  6 centaur skeletons
  12 orc priests
  Crazy Yiuf (D:2)
  3 bullfrog skeletons
  Terence (D:3)
  26 worker ants
  Natasha (thrice) (D:3)
  Ijyb (D:4)
  A hound skeleton (D:4)
  A hound zombie (D:11)
  A mummy (D:11)
  2 worker ant zombies
  17 gnolls
  5 river rats (Sewer)
  18 adders
  3 shadow imps (D:8)
  7 oozes
  A worm (D:5)
  2 dart slugs
  8 leopard geckos
  107 orcs
  5 ball pythons (Sewer)
  5 giant cockroaches
  19 goblins
  4 hobgoblins
  2 jackals (D:5)
  19 kobolds
  2 quokkas
  A ball python skeleton (D:4)
  7 bats
  7 frilled lizards
  24 rats
  24 fungi
  10 plants
813 creatures vanquished.

Vanquished Creatures (others)
  A vampire mosquito (D:12)
  A centaur (D:10)
  A worker ant (D:12)
  6 fungi
  11 plants
  A withered plant (D:15)
21 creatures vanquished.

Grand Total: 834 creatures vanquished

Notes
Turn   | Place    | Note
-------+----------+-------------------------------------------
     0 | D:1      | FortunaImperatrix the Minotaur Fighter began the quest for the Orb.
     0 | D:1      | Reached XP level 1. HP: 19/19 MP: 0/0
   104 | D:1      | Reached skill level 4 in Shields
   105 | D:1      | Reached XP level 2. HP: 10/27 MP: 1/1
  1122 | D:2      | Reached XP level 3. HP: 31/33 MP: 2/2
  1273 | D:2      | Found a white marble altar of Elyvilon.
  1273 | D:2      | Found a glowing silver altar of Zin.
  1273 | D:2      | Found a glowing golden altar of the Shining One.
  1600 | D:2      | Found a runed door.
  1604 | D:2      | Noticed Crazy Yiuf
  1607 | D:2      | Killed Crazy Yiuf
  1607 | D:2      | Reached XP level 4. HP: 33/40 MP: 3/3
  1736 | D:3      | Noticed Natasha
  1747 | D:3      | Killed Natasha
  1924 | D:3      | Noticed Terence
  1932 | D:3      | Killed Terence
  1932 | D:3      | Reached XP level 5. HP: 46/46 MP: 4/4
  2004 | D:3      | Noticed Natasha
  2008 | D:3      | Killed Natasha
  2059 | D:3      | Noticed Natasha
  2066 | D:3      | Killed Natasha
  2076 | D:3      | Reached skill level 5 in Maces & Flails
  2088 | D:3      | Reached skill level 5 in Shields
  2379 | D:3      | Noticed a centaur
  2394 | D:3      | Killed a centaur
  2394 | D:3      | Reached XP level 6. HP: 40/52 MP: 5/5
  2621 | D:4      | Found Nippos's Gadget Shop.
  2663 | D:4      | Found a bloodstained altar of Trog.
  2664 | D:4      | Found an iron altar of Okawaru.
  2847 | D:4      | Found an opulent altar of Gozag.
  2848 | D:4      | Found a sparkling altar of Nemelex Xobeh.
  2873 | D:4      | Found an ancient bone altar of Kikubaaqudgha.
  2971 | D:4      | Reached skill level 5 in Armour
  2971 | D:4      | Reached skill level 6 in Shields
  2971 | D:4      | Reached XP level 7. HP: 42/60 MP: 6/6
  3013 | D:4      | Found a glowing drain.
  3022 | Sewer    | Entered a sewer
  3797 | D:4      | Noticed Ijyb
  3820 | D:4      | Killed Ijyb
  4085 | D:5      | Entered Level 5 of the Dungeon
  4114 | D:5      | Reached skill level 7 in Shields
  4168 | D:5      | Reached XP level 8. HP: 55/67 MP: 7/7
  4225 | D:5      | Reached skill level 5 in Fighting
  4245 | D:5      | Found a staircase to the Ecumenical Temple.
  4251 | Temple   | Entered the Ecumenical Temple
  4420 | Temple   | Became a worshipper of Qazlal Stormbringer
  5372 | D:6      | Reached skill level 8 in Shields
  5384 | D:6      | Noticed Grinder
  5384 | D:6      | Noticed Eustachio
  5384 | D:6      | Noticed Edmund
  5633 | D:7      | Got a polished scale mail
  5644 | D:7      | Identified the +1 scale mail of Iskax {rN++ Stlth-} (You found it on level 7 of the Dungeon)
  5726 | D:7      | Reached * piety under Qazlal
  6182 | D:6      | Killed Eustachio
  6182 | D:6      | Reached skill level 9 in Shields
  6189 | D:6      | Reached XP level 9. HP: 74/74 MP: 8/8
  6281 | D:6      | Reached skill level 10 in Maces & Flails
  6308 | D:6      | Paralysed by Grinder for 3 turns
  6315 | D:6      | Killed Edmund
  6334 | D:6      | Killed Grinder
  6611 | D:6      | Found a burning altar of Makhleb.
  6837 | D:8      | Found a shadowy altar of Dithmenos.
  6908 | D:8      | Found a staircase to the Lair.
  6909 | D:8      | Noticed a komodo dragon
  7021 | D:8      | Killed a komodo dragon
  7467 | D:8      | Killed an unseen horror
  7467 | D:8      | Reached skill level 1 in Throwing
  7480 | D:8      | Found a hide-covered altar of Uskayaw.
  7480 | D:8      | Found a deep blue altar of Sif Muna.
  7546 | D:8      | Reached ** piety under Qazlal
  7566 | D:8      | Reached XP level 10. HP: 23/84 MP: 9/9
  8054 | D:8      | Found Jym Unuo's Armour Boutique.
  8782 | D:8      | Bought a +4 ring mail of fire resistance for 465 gold pieces
  9172 | D:10     | Entered Level 10 of the Dungeon
  9172 | D:10     | Found a staircase to the Orcish Mines.
  9185 | D:10     | Reached *** piety under Qazlal
  9193 | D:10     | Reached skill level 1 in Invocations
  9207 | D:10     | Noticed a hill giant
  9401 | D:10     | Killed a hill giant
  9716 | D:10     | Reached **** piety under Qazlal
  9774 | D:10     | Found a roughly hewn altar of Beogh.
 10199 | D:11     | Reached XP level 11. HP: 95/95 MP: 3/12
 10499 | D:11     | Noticed a hill giant
 10512 | D:11     | Killed a hill giant
 10549 | D:11     | Got a pitted garnet amulet
 10594 | D:11     | Identified the amulet "Etellut" {Faith rF+} (You found it on level 11 of the Dungeon)
 10612 | D:11     | Noticed a green ugly thing
 10621 | D:11     | Killed a green ugly thing
 10721 | D:11     | Reached ***** piety under Qazlal
 10923 | D:12     | Reached skill level 10 in Shields
 10936 | D:12     | Reached skill level 5 in Invocations
 11367 | D:12     | Noticed a hill giant
 11376 | D:12     | Killed a hill giant
 11435 | D:12     | Noticed a hill giant
 11444 | D:12     | Killed a hill giant
 11446 | D:12     | Noticed a hill giant
 11459 | D:12     | Killed a hill giant
 11726 | D:12     | Reached XP level 12. HP: 95/106 MP: 15/15
 12004 | D:12     | Reached skill level 11 in Shields
 12168 | D:12     | Found a roughly hewn altar of Beogh.
 12234 | D:12     | Reached skill level 10 in Fighting
 12562 | D:13     | Noticed a five-headed hydra
 12583 | D:13     | Killed a five-headed hydra
 12583 | D:13     | Reached skill level 15 in Maces & Flails
 12884 | D:13     | Reached ****** piety under Qazlal
 12973 | D:13     | Reached skill level 12 in Shields
 13032 | D:13     | Reached skill level 5 in Throwing
 13208 | D:13     | Noticed a centaur warrior
 13216 | D:13     | Killed a centaur warrior
 13759 | D:14     | Gained mutation: Your flesh is heat resistant. (rF+) [potion of beneficial mutation]
 13760 | D:14     | Gained mutation: You are dopey. (Int -2) [potion of mutation]
 13760 | D:14     | Gained mutation: You tend to lose your temper in combat. [potion of mutation]
 13760 | D:14     | Lost mutation: You are dopey. (Int -2) [potion of mutation]
 13849 | D:14     | Reached XP level 13. HP: 78/114 MP: 13/17
 13868 | D:14     | Reached skill level 13 in Shields
 14093 | D:14     | Found a sacrificial altar of Ru.
 14648 | D:14     | Reached skill level 14 in Shields
 14698 | D:14     | Found a gate to the Vaults.
 14984 | Lair:1   | Entered Level 1 of the Lair of Beasts
 15760 | Lair:1   | Noticed Fannar
 15792 | Lair:1   | Killed Fannar
 15792 | Lair:1   | Reached skill level 15 in Shields
 16494 | Lair:2   | Reached skill level 10 in Armour
 16954 | Lair:2   | Found a staircase to the Shoals.
 17433 | Lair:3   | Noticed Urug
 17444 | Lair:3   | Killed Urug
 17444 | Lair:3   | Reached XP level 14. HP: 65/124 MP: 10/19
 17860 | Lair:3   | Found a hole to the Spider Nest.
 18176 | Lair:4   | Reached skill level 16 in Shields
 19138 | Lair:5   | Got a smoking mace
 19139 | Lair:5   | Identified the +3 mace of Makhleb's Generosity {freeze, +Blink} (You found it on level 5 of the Lair of Beasts)
 19227 | Lair:5   | Found a staircase to the Slime Pits.
 19466 | Lair:6   | Entered Level 6 of the Lair of Beasts
 19475 | Lair:6   | Noticed Josephine
 19492 | Lair:6   | Killed Josephine
 19886 | Lair:6   | Noticed vicissi's ghost (journeyman DDWn)
 19904 | Lair:6   | Killed vicissi's ghost
 19904 | Lair:6   | Reached skill level 17 in Shields
 20323 | Lair:6   | Identified Otumyast's Papyrus of Ghastly Curses
 20412 | Lair:6   | Reached XP level 15. HP: 82/132 MP: 20/20
 20451 | Lair:6   | HP: 4/132 [drowned by a drowned soul[a merfolk avatar] (13)]
 21153 | D:15     | Entered Level 15 of the Dungeon
 21221 | D:15     | Found a staircase to the Depths.
 21236 | D:15     | Reached skill level 18 in Shields
 21240 | D:15     | Slain by a golden dragon skeleton

Skill      XL: |  1  2  3  4  5  6  7  8  9 10 11 12 13 14 15 |
---------------+----------------------------------------------+-----
Shields        | 4 5 6 7 9 10 12 15 17 18 | 18.0
Maces & Flails | 3 4 5 6 8 9 12 13 14 15 | 15.8
Armour         | 4 5 7 8 9 10 11 | 11.3
Fighting       | 4 5 6 8 9 10 11 | 11.8
Throwing       | 1 3 5 7 8 |  8.6
Invocations    | 3 5 7 8 9 |  9.5

Action                   |  1- 3 |  4- 6 |  7- 9 | 10-12 | 13-15 || total
-------------------------+-------+-------+-------+-------+-------++-------
Melee: Flail             |   100 |       |   105 |  1029 |   789 ||  2023
       Headbutt          |    11 |    38 |   136 |   220 |   320 ||   725
       Mace              |       |    31 |       |       |   456 ||   487
       Whip              |       |   152 |   550 |       |       ||   702
 Fire: Blowgun           |       |       |     6 |       |       ||     6
Invok: Disaster Area     |       |       |       |       |     1 ||     1
 Abil: Evoke Flight      |       |       |       |       |     1 ||     1
Evoke: Wand              |       |       |       |     1 |       ||     1
  Use: Scroll            |       |     3 |     8 |     9 |    10 ||    30
       Potion            |       |       |       |    13 |     6 ||    19
 Stab: Invisible         |     1 |       |       |       |       ||     1
  Eat: Chunk             |     2 |     5 |    13 |    18 |    22 ||    60
       Royal jelly       |       |       |     1 |     1 |       ||     2
       Pizza             |       |       |     1 |       |       ||     1
       Beef jerky        |       |       |       |     2 |     1 ||     3
       Fruit             |       |       |       |     2 |     2 ||     4
Armor: Scale mail        |    41 |    13 |   104 |    27 |       ||   185
       Chain mail        |       |    80 |   131 |       |       ||   211
       Ring mail         |       |       |       |   212 |       ||   212
       Plate armour      |       |       |       |   105 |   606 ||   711
Dodge: Dodged            |    22 |    48 |   108 |   155 |   150 ||   483
       Deflected         |       |       |       |     2 |     7 ||     9
Block: Shield            |    55 |    89 |   331 |   488 |       ||   963
       Reflection        |       |       |       |     9 |       ||     9
       Large shield      |       |       |       |   503 |  1966 ||  2469
